 Dungeon Crawl Stone Soup version 0.23.0-3-gf3c87f2 (webtiles) character file.

Game seed: 14388928506202250697

5011 Madoushi the Cleaver (level 10, -3/90 HPs)
             Began as a Minotaur Berserker on Feb 22, 2019.
             Was an Elder of Trog.
             Slain by a hell rat (11 damage)
             ... on level 8 of the Dungeon.
             The game lasted 00:19:57 (6917 turns).

Madoushi the Cleaver (Minotaur Berserker)           Turns: 6917, Time: 00:20:00

Health: -3/90      AC: 11    Str: 29    XL:     10   Next: 29%
Magic:  18/18      EV: 14    Int:  4    God:    Trog [****..]
Gold:   256        SH:  3    Dex: 11    Spells: 9/9 levels left

rFire    + . .     SeeInvis .   y - +4 battleaxe
rCold    . . .     Gourm    .   (shield currently unavailable)
rNeg     . . .     Faith    .   w - +5 ring mail of the Midnight Sun {MP+9 Str+5}
rPois    .         Spirit   .   (helmet restricted)
rElec    .         Reflect  +   (no cloak)
rCorr    .         Harm     .   (no gloves)
MR       .....                  (no boots)
Stlth    +.........             o - +3 amulet of reflection
HPRegen  0.25/turn              f - ring of protection from fire
MPRegen  0.16/turn              (no ring)

@: berserk cooldown, slowed, lightly drained, very slow
A: retaliatory headbutt, horns 2
a: Berserk, Trog's Hand, Brothers in Arms, Renounce Religion


You were on level 8 of the Dungeon.
You worshipped Trog.
Trog was greatly pleased with you.
You were near starving.

You visited 1 branch of the dungeon, and saw 9 of its levels.

You collected 256 gold pieces.

Inventory:

Hand Weapons
 a - a +0 hand axe
 y - a +4 battleaxe (weapon)
Armour
 b - a +0 animal skin
 d - the +8 chain mail of Satisfaction {+Inv rC- Dex+7, unknown}
   (You found it on level 4 of the Dungeon)

   It affects your dexterity (+7).
   It makes you vulnerable to cold.
   It lets you turn invisible.
 i - a +0 ring mail
 s - a +0 leather armour
 w - the +5 ring mail of the Midnight Sun (worn) {MP+9 Str+5}
   (You found it on level 5 of the Dungeon)

   It affects your strength (+5).
   It affects your magic capacity (+9).
Jewellery
 f - a ring of protection from fire (left hand)
 h - an uncursed ring of stealth
 k - an uncursed ring of fire {unknown}
 o - a +3 amulet of reflection (around neck)
 u - an uncursed ring of protection from cold {unknown}
Wands
 x - a wand of random effects (22)
 I - a wand of paralysis (5)
Scrolls
 m - a scroll of enchant weapon {unknown}
 p - 4 scrolls of remove curse {unknown}
 t - 2 scrolls of magic mapping {unknown}
 v - 2 scrolls of immolation {unknown}
 z - 3 scrolls of identify
 B - a scroll of blinking {unknown}
 C - a scroll of teleportation
 D - 2 scrolls of acquirement {unknown}
 E - a scroll of fear {unknown}
 H - 2 scrolls of enchant armour {unknown}
Potions
 e - 4 potions of mutation {unknown}
 g - 4 potions of curing
 j - 3 potions of degeneration {unknown}
 l - 2 potions of lignification {unknown}
 n - 2 potions of magic {unknown}
 q - a potion of agility
 r - a potion of brilliance {unknown}
 A - a potion of heal wounds {unknown}
 F - a potion of haste {unknown}
 G - a potion of cancellation {unknown}
Comestibles
 c - 9 rations


   Skills:
 + Level 8.7(8.3) Fighting
 + Level 12.9(12.5) Axes
 + Level 7.8(7.4) Armour
 + Level 6.3(5.9) Dodging
 + Level 1.7(1.4) Stealth


You had 9 spell levels left.
You didn't know any spells.
Your spell library was empty.

Dungeon Overview and Level Annotations

Branches:
Dungeon (9/15)             Temple (0/1) D:5
   Lair: D:8-11         Orc: D:9-12

Altars:
Dithmenos
Kikubaaqudgha
Sif Muna
Yredelemnul


Innate Abilities, Weirdness & Mutations

You reflexively headbutt those who attack you in melee.
You have a pair of horns on your head.


Message History

You feel yourself slow down.
Unknown command.
The hell rat bites you but does no damage.
There is a stone staircase leading down here.
You feel better. The hell rat barely misses you.
You can't go up here!
The porcupine bites you.
* * * LOW HITPOINT WARNING * * *
You climb downwards.
A hound and a necrophage come into view.
The hound barks!
Found a scroll labeled TEMUUS PU YKOA.
There is a stone staircase leading up here.
The porcupine closely misses you. The porcupine misses you.
You climb upwards.
The hell rat bites you!
* * * LOW HITPOINT WARNING * * *
You feel drained.
* * * LOW HITPOINT WARNING * * *
The hell rat bites you!
You die...

#...##....................#.####
#..###.................#....##
##.# ##....###....#...###.#..##
##.# ##....##....#...####.###.##
...###..#...........## #..#
##.##
##...#.###.......#...###..# ##.#
###....###..#....#.....#.## ###
##....#.....#..#.......#
##........###@r.......#
#........# #r........## ###
.............##..........###.#
..............#.............##
....................######..##
##.#..........##..### ##.##
.#..........###..# ##..#
..........## ##.## ##..## .....
##...####..##


You could see a hell rat and a porcupine.

Vanquished Creatures
  3 death yaks (D:8)
  2 hippogriffs (D:7)
  A human (D:7)
  A yak (D:7)
  3 hogs (D:7)
  3 phantoms
  An orc warrior (D:6)
  A black bear (D:7)
  An ogre (D:4)
  2 centaurs
  An ice beast (D:5)
  A big kobold (D:7)
  2 bullfrogs
  3 scorpions
  A howler monkey (D:6)
  5 wights (D:5)
  A centaur zombie (D:5)
  A centaur skeleton (D:4)
  4 orc priests
  A hound (D:3)
  3 orc wizards
  A gnoll shaman (D:3)
  3 worker ants
  Ijyb (D:5)
  Natasha (twice) (D:3)
  A hound zombie (D:4)
  A howler monkey zombie (D:5)
  3 gnolls (D:3)
  6 adders
  A river rat (D:8)
  A shadow imp (D:5)
  4 worms
  A dart slug (D:1)
  2 leopard geckos
  22 orcs
  A ball python (D:5)
  4 giant cockroaches
  A goblin (D:1)
  4 hobgoblins
  5 jackals (D:1)
  14 kobolds
  3 quokkas
  4 bats
  4 frilled lizards
  A jackal skeleton (D:5)
  2 leopard gecko skeletons
  A quokka skeleton (D:5)
  A quokka zombie (D:4)
  7 rats
  2 withered plants (D:4)
144 creatures vanquished.

Notes
Turn   | Place    | Note
-------+----------+-------------------------------------------
     0 | D:1      | Madoushi the Minotaur Berserker began the quest for the
                  | Orb.
     0 | D:1      | Reached XP level 1. HP: 19/19 MP: 0/0
   277 | D:1      | Reached XP level 2. HP: 26/27 MP: 1/1
   475 | D:1      | Reached skill level 4 in Axes
   937 | D:2      | Reached XP level 3. HP: 29/33 MP: 2/2
  1211 | D:2      | Reached ** piety under Trog
  1447 | D:3      | Noticed a bullfrog
  1459 | D:3      | HP: 1/34 [bullfrog (8)]
  1460 | D:3      | Killed a bullfrog
  1460 | D:3      | Reached skill level 5 in Axes
  1460 | D:3      | Reached XP level 4. HP: 1/41 MP: 3/3
  1798 | D:3      | Noticed Natasha
  1807 | D:3      | Killed Natasha
  1807 | D:3      | Reached skill level 5 in Fighting
  1807 | D:3      | Reached XP level 5. HP: 25/48 MP: 4/4
  2036 | D:3      | Noticed Natasha
  2074 | D:3      | Killed Natasha
  2262 | D:3      | Reached skill level 6 in Axes
  2271 | D:3      | Reached XP level 6. HP: 17/56 MP: 5/5
  3101 | D:4      | Found a shadowy altar of Dithmenos.
  3350 | D:4      | Got a bloodstained chain mail
  3427 | D:4      | You fall through a shaft!
  3427 | D:5      | Entered Level 5 of the Dungeon
  3428 | D:5      | Found a staircase to the Ecumenical Temple.
  3507 | D:5      | Reached skill level 7 in Axes
  3558 | D:4      | Reached skill level 1 in Stealth
  3558 | D:4      | Reached XP level 7. HP: 37/61 MP: 6/6
  4025 | D:5      | Reached *** piety under Trog
  4379 | D:5      | Reached skill level 8 in Axes
  4501 | D:5      | Got a faintly glowing ring mail
  4512 | D:5      | Identified the +5 ring mail of the Midnight Sun {MP+9
                  | Str+5} (You found it on level 5 of the Dungeon)
  4602 | D:5      | Noticed Ijyb
  4611 | D:5      | Killed Ijyb
  4800 | D:5      | Reached XP level 8. HP: 70/70 MP: 7/7
  4805 | D:5      | Reached skill level 5 in Dodging
  5308 | D:6      | Reached skill level 5 in Armour
  5507 | D:6      | Reached skill level 9 in Axes
  5667 | D:6      | Found an ancient bone altar of Kikubaaqudgha.
  6001 | D:7      | Noticed a hippogriff
  6009 | D:7      | Killed a hippogriff
  6009 | D:7      | Reached skill level 10 in Axes
  6216 | D:7      | Reached **** piety under Trog
  6218 | D:7      | Reached XP level 9. HP: 76/78 MP: 8/8
  6461 | D:7      | Reached skill level 11 in Axes
  6635 | D:7      | Found a deep blue altar of Sif Muna.
  6635 | D:7      | Found a basalt altar of Yredelemnul.
  6870 | D:8      | Noticed a death yak
  6885 | D:8      | Noticed a death yak
  6887 | D:8      | Noticed a death yak
  6890 | D:8      | Killed a death yak
  6890 | D:8      | Reached skill level 12 in Axes
  6896 | D:8      | Killed a death yak
  6896 | D:8      | Reached XP level 10. HP: 60/90 MP: 9/9
  6900 | D:8      | Killed a death yak
  6917 | D:8      | Slain by a hell rat

Skill      XL: |  1  2  3  4  5  6  7  8  9 |
---------------+----------------------------+-----
Fighting       | 4 5 6 8 |  8.7
Axes           | 4 5 6 7 8 10 12 | 12.9
Dodging        | 3 4 5 6 |  6.3
Armour         | 3 4 6 7 |  7.8
Stealth        | 1 |  1.7

Action                   |  1- 3 |  4- 6 |  7- 9 | 10-12 || total
-------------------------+-------+-------+-------+-------++-------
Melee: Hand axe          |    67 |   141 |    82 |       ||   290
       Headbutt          |    14 |    37 |    47 |     2 ||   100
       Battleaxe         |       |       |    98 |     6 ||   104
Invok: Trog's Hand       |     1 |       |       |       ||     1
       Berserk           |       |     2 |     2 |       ||     4
  Use: Scroll            |       |     4 |     2 |       ||     6
       Potion            |       |       |       |     1 ||     1
  Eat: Chunk             |     1 |     2 |     8 |       ||    11
       Ration            |       |     2 |     1 |       ||     3
Armor: Animal skin       |    14 |     3 |       |       ||    17
       Ring mail         |       |     5 |    55 |     1 ||    61
Dodge: Dodged            |    48 |    54 |    99 |     4 ||   205
Block: Other             |       |     2 |    24 |       ||    26
       Reflection        |       |       |     2 |       ||     2
